TOP OF THE 1ST |
---|
Trenton Stars batting - Pitching for Blueville 83's : RHP Clint Tancock | Pitching: RHP Clint Tancock | | Batting: RHB George Reeves | 0-0: Foul Ball, location: 2F 0-1: Ball 1-1: Foul Ball, location: 2F 1-2: Ball 2-2: Strikes out swinging | Batting: RHB Emílio Bruno | 0-0: Ball 1-0: Ball 2-0: Ball 3-0: Called Strike 3-1: SINGLE (Groundball, 23) (infield hit) | Batting: RHB Ken McDonald | 0-0: Ball 1-0: Foul Ball, location: 2F 1-1: Called Strike 1-2: Ball 2-2: Foul Ball, location: 2F 2-2: DOUBLE (Groundball, 5L) Emílio Bruno to third Runner from 3rd tries for Home, SAFE, no throw | Batting: LHB Frank Jackson | 0-0: Called Strike 0-1: Ball 1-1: 2-RUN HOME RUN (Flyball, 9D), Distance : 395 ft | Batting: RHB Jorge Cisneros | 0-0: Ball 1-0: Ball 2-0: Swinging Strike 2-1: Foul Ball, location: 2F 2-2: Ball 3-2: SINGLE (Groundball, 56D) | Batting: RHB Randy Simons | 0-0: Called Strike Jorge Cisneros steals 2nd base 0-1: Ball 1-1: Swinging Strike 1-2: Fly out, F7 (Flyball, 7D) | Batting: RHB Clancy Booker | 0-0: Ball 1-0: Called Strike 1-1: Ball 2-1: Ball 3-1: Ground out 4-3 (Groundball, 4) | Top of the 1st over - 3 runs, 4 hits, 0 errors, 1 left on base; Trenton 3 - Blueville 0 | BOTTOM OF THE 1ST |
---|
Blueville 83's batting - Pitching for Trenton Stars : RHP José Crus | Pitching: RHP José Crus | | Batting: RHB Matt Perkins | 0-0: Ball 1-0: Called Strike 1-1: Foul Ball, location: 2F 1-2: Fly out, F4 (Popup, 4MD) | Batting: LHB Roberto Trujillo | 0-0: Ball 1-0: Swinging Strike 1-1: Ball 2-1: Ball 3-1: Called Strike 3-2: Foul Ball, location: 2F 3-2: Foul Ball, location: 2F 3-2: SOLO HOME RUN (Flyball, 7D), Distance : 389 ft | Batting: RHB Eric Johnson | 0-0: Swinging Strike 0-1: Ball 1-1: Called Strike 1-2: Ball 2-2: Ball 3-2: Strikes out swinging | Batting: RHB Carlos Carrillo | 0-0: Ball 1-0: Foul Ball, location: 2F 1-1: SINGLE (Groundball, 6M) (infield hit) | Batting: LHB Ricardo Romero | 0-0: Ball 1-0: SINGLE (Groundball, 6D) Carlos Carrillo to second | Batting: RHB Daryl Floyd | 0-0: Ball 1-0: Called Strike 1-1: DOUBLE (Flyball, 8LXD) Carlos Carrillo scores Ricardo Romero to third | Batting: RHB Armando Pagán | 0-0: Ball 1-0: Foul Ball, location: 2F 1-1: Called Strike 1-2: Strikes out looking | Bottom of the 1st over - 2 runs, 4 hits, 0 errors, 2 left on base; Trenton 3 - Blueville 2 | TOP OF THE 2ND |
---|
Trenton Stars batting - Pitching for Blueville 83's : RHP Clint Tancock | Batting: LHB Paco Córdova | 0-0: Ball 1-0: Foul Ball, location: 2F 1-1: Called Strike 1-2: Ground out 6-3 (Groundball, 6) | Batting: LHB Sixto Cortés | 0-0: Ball 1-0: Ball 2-0: Ball 3-0: Called Strike 3-1: Foul Ball, location: 2F 3-2: Base on Balls | Batting: RHB George Reeves | 0-0: Swinging Strike 0-1: Ball 1-1: Ball 2-1: SINGLE (Groundball, 56S) (infield hit) Sixto Cortés to second | Batting: RHB Emílio Bruno | 0-0: Ball 1-0: Foul Ball, location: 2F 1-1: Ball 2-1: Foul Ball, location: 2F 2-2: Ball 3-2: Base on Balls Sixto Cortés to third George Reeves to second | Batting: RHB Ken McDonald | 0-0: Ball 1-0: Foul Ball, location: 2F 1-1: Swinging Strike 1-2: Foul Ball, location: 2F 1-2: Grounds into double play, 4-6-3 (Groundball, 4) | Top of the 2nd over - 0 runs, 1 hit, 0 errors, 2 left on base; Trenton 3 - Blueville 2 | BOTTOM OF THE 2ND |
---|
Blueville 83's batting - Pitching for Trenton Stars : RHP José Crus | Batting: RHB Fernando Díaz | 0-0: SINGLE (Flyball, 89S) | Batting: RHB Ángel Garza | 0-0: Swinging Strike 0-1: Ball 1-1: Foul Ball, location: 2F 1-2: Ball Wild Pitch! Fernando Díaz to second 2-2: Foul Ball, location: 2F 2-2: Ball 3-2: Foul Ball, location: 2F 3-2: Base on Balls | Batting: RHB Matt Perkins | 0-0: Ball 1-0: Called Strike 1-1: SINGLE (Line Drive, 6M) Fernando Díaz to third Ángel Garza to second | Batting: LHB Roberto Trujillo | 0-0: Called Strike 0-1: Swinging Strike 0-2: Ball Wild Pitch! Fernando Díaz scores Ángel Garza to third Matt Perkins to second 1-2: Foul Ball, location: 2F 1-2: Ball 2-2: Ball 3-2: Fly out, F8 (Flyball, 8LD) Runner from 3rd tags up, SCORES, throw made | Batting: RHB Eric Johnson | 0-0: Ball 1-0: Swinging Strike 1-1: Foul Ball, location: 2F 1-2: Foul Ball, location: 2F 1-2: Fly out, F9 (Line Drive, 9) | Batting: RHB Carlos Carrillo | 0-0: Ball 1-0: Ball 2-0: Ball 3-0: Base on Balls | Batting: LHB Ricardo Romero | 0-0: Ball 1-0: Ball 2-0: Fly out, F7 (Line Drive, 7) | Bottom of the 2nd over - 2 runs, 2 hits, 0 errors, 2 left on base; Trenton 3 - Blueville 4 | TOP OF THE 3RD |
---|
Trenton Stars batting - Pitching for Blueville 83's : RHP Clint Tancock | Batting: LHB Frank Jackson | 0-0: Ball 1-0: Swinging Strike 1-1: Ball 2-1: Ball 3-1: Called Strike 3-2: SINGLE (Flyball, 9LS) | Batting: RHB Jorge Cisneros | 0-0: Ball 1-0: Called Strike Frank Jackson steals 2nd base 1-1: Called Strike 1-2: Ball 2-2: SINGLE (Groundball, 6MD) Frank Jackson to third Runner from 3rd tries for Home, SAFE, throw made home | Batting: RHB Randy Simons | 0-0: Called Strike 0-1: Swinging Strike 0-2: Ball 1-2: SINGLE (Groundball, 6D) Jorge Cisneros to second | Batting: RHB Clancy Booker | 0-0: Ball 1-0: Called Strike 1-1: Ball 2-1: Fly out, F4 (Popup, 34) | Batting: LHB Paco Córdova | 0-0: Foul Ball, location: 2F 0-1: Ball 1-1: Ball 2-1: Swinging Strike 2-2: Fly out, F8 (Flyball, 8LXD) Runner from 2nd tags up, SAFE at 3rd, no throw | Pitching: RHP Javier González | | Batting: LHB Sixto Cortés | 0-0: Called Strike 0-1: Foul Ball, location: 2F 0-2: Fly out, F4 (Line Drive, 4M) | Top of the 3rd over - 1 run, 3 hits, 0 errors, 2 left on base; Trenton 4 - Blueville 4 | BOTTOM OF THE 3RD |
---|
Blueville 83's batting - Pitching for Trenton Stars : RHP José Crus | Batting: RHB Daryl Floyd | 0-0: Called Strike 0-1: SINGLE (Groundball, 4MD) | Batting: RHB Armando Pagán | 0-0: Ball 1-0: Called Strike 1-1: Swinging Strike 1-2: Foul Ball, location: 2F 1-2: SINGLE (Groundball, 4MD) Daryl Floyd to second | Batting: RHB Fernando Díaz | 0-0: Foul Ball, location: 2F 0-1: Foul Ball, location: 2F 0-2: Fly out, F5 (Line Drive, 56) | Batting: RHB Ángel Garza | 0-0: Ball 1-0: Foul Ball, location: 2F 1-1: Ball 2-1: Ball 3-1: Base on Balls Daryl Floyd to third Armando Pagán to second | Batting: RHB Matt Perkins | 0-0: Foul Ball, location: 2F 0-1: Ball 1-1: Swinging Strike 1-2: Strikes out swinging | Batting: LHB Roberto Trujillo | 0-0: Called Strike 0-1: Ball 1-1: Foul Ball, location: 2F 1-2: Ball 2-2: Ball 3-2: Ground out 6-3 (Groundball, 6M) | Bottom of the 3rd over - 0 runs, 2 hits, 0 errors, 3 left on base; Trenton 4 - Blueville 4 | TOP OF THE 4TH |
---|
Trenton Stars batting - Pitching for Blueville 83's : RHP Javier González | Batting: RHB George Reeves | 0-0: Fly out, F7 (Flyball, 7) | Batting: RHB Emílio Bruno | 0-0: Called Strike 0-1: Called Strike 0-2: Ball 1-2: Ball Error on foul ball, E9 2-2: Ball 3-2: Strikes out swinging | Batting: RHB Ken McDonald | 0-0: Called Strike 0-1: Fly out, F9 (Flyball, 9LM) | Top of the 4th over - 0 runs, 0 hits, 1 error, 0 left on base; Trenton 4 - Blueville 4 | BOTTOM OF THE 4TH |
---|
Blueville 83's batting - Pitching for Trenton Stars : RHP José Crus | Batting: RHB Eric Johnson | 0-0: Ball 1-0: Called Strike 1-1: Swinging Strike 1-2: Foul Ball, location: 2F 1-2: Ball 2-2: Ball 3-2: SINGLE (Groundball, 6MD) | Batting: RHB Carlos Carrillo | 0-0: Foul Ball, location: 2F 0-1: Ball 1-1: Called Strike 1-2: Grounds into double play, 6-4-3 (Groundball, 6) | Batting: LHB Ricardo Romero | 0-0: Called Strike 0-1: Ball 1-1: Foul Ball, location: 2F 1-2: Strikes out swinging | Bottom of the 4th over - 0 runs, 1 hit, 0 errors, 0 left on base; Trenton 4 - Blueville 4 | TOP OF THE 5TH |
---|
Trenton Stars batting - Pitching for Blueville 83's : RHP Javier González | Batting: LHB Frank Jackson | 0-0: Called Strike 0-1: Foul Ball, location: 2F 0-2: Foul Ball, location: 2F 0-2: Foul Ball, location: 2F 0-2: Fly out, F7 (Flyball, 7LSF) | Batting: RHB Jorge Cisneros | 0-0: DOUBLE (Flyball, 8RXD) | Batting: RHB Randy Simons | 0-0: Ball 1-0: Foul Ball, location: 2F 1-1: Foul Ball, location: 2F 1-2: Foul Ball, location: 2F 1-2: Ball 2-2: Foul Ball, location: 2F 2-2: SINGLE (Groundball, 6MD) Jorge Cisneros to third Runner from 3rd tries for Home, SAFE, throw made home | Batting: RHB Clancy Booker | 0-0: Ball Randy Simons is caught stealing 2nd base 1-0: Swinging Strike 1-1: Ball 2-1: Foul Ball, location: 2F 2-2: Strikes out swinging | Top of the 5th over - 1 run, 2 hits, 0 errors, 0 left on base; Trenton 5 - Blueville 4 | BOTTOM OF THE 5TH |
---|
Blueville 83's batting - Pitching for Trenton Stars : RHP José Crus | Pitching: RHP Jesús Salazar | | Batting: RHB Daryl Floyd | 0-0: Fly out, F5 (Line Drive, 5) | Batting: RHB Armando Pagán | 0-0: Called Strike 0-1: Swinging Strike 0-2: Ball 1-2: Ball 2-2: Strikes out looking | Batting: RHB Fernando Díaz | 0-0: Ball 1-0: Fly out, F4 (Line Drive, 4) | Bottom of the 5th over - 0 runs, 0 hits, 0 errors, 0 left on base; Trenton 5 - Blueville 4 | TOP OF THE 6TH |
---|
Trenton Stars batting - Pitching for Blueville 83's : RHP Javier González | Batting: LHB Paco Córdova | 0-0: Ball 1-0: Ball 2-0: Foul Ball, location: 2F 2-1: Foul Ball, location: 2F 2-2: DOUBLE (Line Drive, 3D) | Batting: LHB Sixto Cortés | 0-0: Ball 1-0: Ball 2-0: Ball 3-0: Base on Balls | Batting: RHB George Reeves | 0-0: SINGLE (Groundball, 56D) Paco Córdova to third Sixto Cortés to second | Batting: RHB Emílio Bruno | 0-0: Called Strike 0-1: Ball 1-1: SINGLE (Groundball, 34D) Paco Córdova scores Sixto Cortés to third George Reeves to second | Batting: RHB Ken McDonald | 0-0: Ball 1-0: Grounds into double play, 6-2-3 (Groundball, 56S) George Reeves to third Emílio Bruno to second | Batting: LHB Frank Jackson | 0-0: Called Strike 0-1: Ball 1-1: Foul Ball, location: 2F 1-2: Ball 2-2: Ball 3-2: Foul Ball, location: 2F 3-2: SINGLE (Groundball, 56D) George Reeves scores Emílio Bruno to third Emílio Bruno scores | Pitching: RHP Drake Williams | | Batting: RHB Jorge Cisneros | 0-0: Ball 1-0: Foul Ball, location: 2F 1-1: Ball 2-1: Ground out 4-3 (Groundball, 4) | Top of the 6th over - 3 runs, 4 hits, 0 errors, 1 left on base; Trenton 8 - Blueville 4 | BOTTOM OF THE 6TH |
---|
Blueville 83's batting - Pitching for Trenton Stars : RHP Jesús Salazar | Batting: RHB Ángel Garza | 0-0: Called Strike 0-1: Swinging Strike 0-2: Strikes out looking | Batting: RHB Matt Perkins | 0-0: Ball 1-0: SINGLE (Line Drive, 34D) | Batting: LHB Roberto Trujillo | 0-0: Ball 1-0: Called Strike 1-1: Foul Ball, location: 2F 1-2: Foul Ball, location: 2F 1-2: Ball 2-2: SINGLE (Flyball, 7S) Matt Perkins to second | Batting: RHB Eric Johnson | 0-0: Fly out, F8 (Flyball, 8RM) | Batting: RHB Carlos Carrillo | 0-0: Called Strike 0-1: Ball 1-1: Swinging Strike 1-2: Ball 2-2: Strikes out swinging | Bottom of the 6th over - 0 runs, 2 hits, 0 errors, 2 left on base; Trenton 8 - Blueville 4 | TOP OF THE 7TH |
---|
Trenton Stars batting - Pitching for Blueville 83's : RHP Drake Williams | Batting: RHB Randy Simons | 0-0: Foul Ball, location: 2F 0-1: Ball 1-1: DOUBLE (Line Drive, 7LD) | Batting: RHB Clancy Booker | 0-0: Called Strike 0-1: Called Strike 0-2: Ball 1-2: Foul Ball, location: 2F 1-2: Foul Ball, location: 2F 1-2: Ball 2-2: Ball 3-2: Strikes out swinging | Batting: LHB Paco Córdova | 0-0: Ground out 4-3 (Groundball, 4) Randy Simons to third | Batting: LHB Sixto Cortés | 0-0: Ball 1-0: Ball 2-0: Ball 3-0: Called Strike 3-1: SINGLE (Flyball, 34D) Randy Simons scores | Batting: RHB George Reeves | 0-0: SINGLE (Groundball, 4MD) Sixto Cortés to second Runner from 2nd tries for 3rd, OUT! | Top of the 7th over - 1 run, 3 hits, 0 errors, 1 left on base; Trenton 9 - Blueville 4 | BOTTOM OF THE 7TH |
---|
Blueville 83's batting - Pitching for Trenton Stars : RHP Jesús Salazar | Batting: LHB Ricardo Romero | 0-0: Called Strike 0-1: Ball 1-1: Fly out, F4 (Popup, 4) | Batting: RHB Daryl Floyd | 0-0: Called Strike 0-1: Called Strike 0-2: Ball 1-2: Ball 2-2: Ball 3-2: Base on Balls | Pitching: LHP Pedro Orozco | | Batting: RHB Armando Pagán | 0-0: Called Strike 0-1: Ball 1-1: Swinging Strike 1-2: Strikes out looking | Batting: RHB Fernando Díaz | 0-0: Called Strike 0-1: Ball 1-1: Ball 2-1: Ball 3-1: Base on Balls Daryl Floyd to second | Batting: RHB Ángel Garza | 0-0: Called Strike 0-1: Ground out 4-3 (Groundball, 34) | Bottom of the 7th over - 0 runs, 0 hits, 0 errors, 2 left on base; Trenton 9 - Blueville 4 | TOP OF THE 8TH |
---|
Trenton Stars batting - Pitching for Blueville 83's : RHP Drake Williams | Batting: RHB Emílio Bruno | 0-0: Ball 1-0: Called Strike 1-1: Fly out, F9 (Flyball, 9LSF) | Batting: RHB Ken McDonald | 0-0: DOUBLE (Line Drive, 9LS) | Batting: LHB Frank Jackson | 0-0: Ball 1-0: Called Strike 1-1: Foul Ball, location: 2F 1-2: Fly out, F6 (Line Drive, 6) | Batting: RHB Jorge Cisneros | Pickoff Throw to Second - Out! | Top of the 8th over - 0 runs, 1 hit, 0 errors, 0 left on base; Trenton 9 - Blueville 4 | BOTTOM OF THE 8TH |
---|
Blueville 83's batting - Pitching for Trenton Stars : LHP Pedro Orozco | Now at SS: Aaron Washington | | Batting: RHB Matt Perkins | 0-0: Ball 1-0: Called Strike 1-1: Ball 2-1: Ball 3-1: Base on Balls | Batting: LHB Roberto Trujillo | 0-0: Foul Ball, location: 2F 0-1: Ball 1-1: Ball 2-1: Foul Ball, location: 2F 2-2: Ball 3-2: Fly out, F6 (Popup, 6MD) | Batting: RHB Eric Johnson | 0-0: Ball 1-0: Ball 2-0: Ball 3-0: Base on Balls Matt Perkins to second | Batting: RHB Carlos Carrillo | 0-0: Foul Ball, location: 2F 0-1: Ball 1-1: Ball 2-1: Fly out, F9 (Flyball, 9) | Batting: LHB Ricardo Romero | 0-0: Called Strike 0-1: Ball 1-1: 3-RUN HOME RUN (Flyball, 9D), Distance : 399 ft | Pitching: RHP Tomás Pagán | | Batting: RHB Daryl Floyd | 0-0: SINGLE (Line Drive, 6D) | Batting: RHB Armando Pagán | 0-0: Foul Ball, location: 2F 0-1: Fly out, F8 (Flyball, 89D) | Bottom of the 8th over - 3 runs, 2 hits, 0 errors, 1 left on base; Trenton 9 - Blueville 7 | TOP OF THE 9TH |
---|
Trenton Stars batting - Pitching for Blueville 83's : RHP Drake Williams | Batting: RHB Jorge Cisneros | 0-0: Called Strike 0-1: Ball 1-1: Swinging Strike 1-2: Fly out, F8 (Line Drive, 89M) | Batting: RHB Randy Simons | 0-0: Ball 1-0: Ball 2-0: Ball 3-0: Base on Balls | Batting: RHB Clancy Booker | 0-0: Ball 1-0: Foul Ball, location: 2F 1-1: Ball 2-1: Swinging Strike 2-2: Ball 3-2: Base on Balls Randy Simons to second | Batting: LHB Paco Córdova | 0-0: Called Strike 0-1: Fly out, F7 (Line Drive, 7LS) | Batting: LHB Sixto Cortés | 0-0: Called Strike 0-1: Foul Ball, location: 2F 0-2: Ball 1-2: Ball 2-2: Foul Ball, location: 2F 2-2: Ball 3-2: Foul Ball, location: 2F 3-2: Fly out, F9 (Line Drive, 89S) | Top of the 9th over - 0 runs, 0 hits, 0 errors, 2 left on base; Trenton 9 - Blueville 7 | BOTTOM OF THE 9TH |
---|
Blueville 83's batting - Pitching for Trenton Stars : RHP Tomás Pagán | Pitching: RHP Denver Gallegos | | Batting: RHB Fernando Díaz | 0-0: Ball 1-0: SOLO HOME RUN (Line Drive, 7LD), Distance : 345 ft | Batting: RHB Ángel Garza | 0-0: Ball 1-0: Called Strike 1-1: Ground out 6-3 (Groundball, 6M) | Batting: RHB Matt Perkins | 0-0: SINGLE (Flyball, 7LS) | Batting: LHB Roberto Trujillo | 0-0: Foul Ball, location: 2F 0-1: Ball 1-1: Called Strike 1-2: Ball 2-2: Ball 3-2: Base on Balls Matt Perkins to second | Batting: RHB Eric Johnson | 0-0: Called Strike 0-1: Fly out, F9 (Flyball, 89M) | Batting: RHB Carlos Carrillo | 0-0: Fly out, F8 (Line Drive, 89D) | Bottom of the 9th over - 1 run, 2 hits, 0 errors, 2 left on base; Trenton 9 - Blueville 8 | |